 Dungeon Crawl Stone Soup version 0.29.0-4-gdea44cf6ec (webtiles) character file.

Game seed: 279546509493022088

751 qw the Chopper (level 7, -1/44 HPs)
             Began as a Gargoyle Delver on Sept 10, 2022.
             Killed by divine providence
             ... invoked by an orc priest
              (15 damage)
             ... on level 4 of the Dungeon.
             The game lasted 00:01:37 (4545 turns).

qw the Chopper (Gargoyle Delver)                    Turns: 4545, Time: 00:01:38

Health: -1/44      AC: 16    Str: 17    XL:     7   Next: 78%
Magic:  7/7        EV:  5    Int: 14    God:
Gold:   161        SH:  0    Dex: 10    Spells: 6/6 levels left

rFire   . . .      SeeInvis .   Y - +0 hand axe
rCold   . . .      Faith    .   (no shield)
rNeg    + . .      Spirit   .   i - +0 plate armour
rPois   inf        Reflect  .   (no helmet)
rElec   +          Harm     .   (no cloak)
rCorr   .          Rampage  .   (no gloves)
Will    .....                   (no boots)
Stlth   ..........              (no amulet)
HPRegen 0.14/turn               (no ring)
MPRegen 0.10/turn               (no ring)

@: confused
A: sickness immunity, AC +4, negative energy resistance 1, electricity
resistance, torment resistance 1, petrification resistance, clever 1
a: no special abilities


You were on level 4 of the Dungeon.
You visited 2 branches of the dungeon, and saw 6 of its levels.

You collected 161 gold pieces.


Innate Abilities, Weirdness & Mutations

You are immune to sickness and miasma.
Your stone body is resilient. (AC +4)
You are immune to poison.
You resist negative energy. (rN+)
You are resistant to electric shocks. (rElec)
You are resistant to unholy torment.
You are immune to petrification.
Your mind is acute. (Int +4, Str/Dex -1)


   Skills:
 - Level 4.4 Fighting
 + Level 6.9 Axes
 - Level 3.0 Armour
 - Level 1.5 Dodging
 - Level 5.4 Stealth


You had 6 spell levels left.
You didn't know any spells.
Your spell library was empty.

Inventory:

Hand Weapons
 h - a +0 morningstar
 Y - a +0 hand axe (weapon)
Armour
 i - a +0 plate armour (worn)
Wands
 g - a wand of digging (3)
Scrolls
 a - a scroll of identify
Potions
 c - a potion of invisibility {unknown}
 d - a potion of lignification {unknown}
 e - a potion of berserk rage {unknown}
 f - 3 potions of haste
 j - a potion of mutation
 l - a potion of curing {unknown}
 n - a potion of flight {unknown}

Dungeon Overview and Level Annotations

Branches:
Dungeon (5/15)             Temple (1/1) D:5

Altars:
Dithmenos
Elyvilon
Fedhas
Gozag
Makhleb
Ru
Trog
Uskayaw
Yredelemnul


Message History

The orc priest hits you but does no damage.
You closely miss the orc priest.
The orc priest is moderately wounded.
You completely miss something. Something hits you but does no damage.
The orc priest hits you but does no damage.
You bump into the rock wall.
The orc priest hits you with a +0 dagger.
Something hits you but does no damage.
You barely miss the orc priest.
The orc priest is moderately wounded.
You hit something. Something hits you but does no damage.
The orc priest hits you but does no damage.
You completely miss the orc priest.
The orc priest is moderately wounded.
You completely miss something.
You hear some strange, mumbled words.
A puff of flame appears from out of thin air!
The puff of flame hits you!
The orc priest hits you but does no damage.
Something hits you but does no damage.
You bump into the rock wall.
Something hits you but does no damage.
The orc priest hits you with a +0 dagger.
You hit the orc priest but do no damage.
The orc priest is moderately wounded.
You miss something.
The orc priest miscasts a cantrip.
Something hits you but does no damage.
You bump into the rock wall.
Something hits you but does no damage.
The orc priest hits you but does no damage.
You barely miss the orc priest.
The orc priest is moderately wounded.
You completely miss something. Something hits you but does no damage.
The orc priest calls down the wrath of Beogh upon you.
Beogh smites you!
You die...

# ..#....#.#
.###.#.####.#
....#.# o#
#..#.####oo
#..#[##..o.
#.....#.# ~
###..##.# ~~~
#...###{##..~~~
#.##..@o..#
#.#...)#### .
#.(..#
#.......#
.#.#.#..#
~.#.#.#..# #
#.##.# .. #..


You could see an orc priest.

Vanquished Creatures
  Grinder (D:3)
  A phantom (D:5)
  4 scorpions
  A hound (D:5)
  A jelly (D:4)
  2 orc priests
  An orc wizard (D:4)
  4 adders
  2 worms (D:3)
  3 orcs
  5 ball pythons
  9 endoplasms
  4 giant cockroaches
  5 goblins
  5 hobgoblins
  2 jackals (D:3)
  A quokka (D:1)
  2 bats
  4 frilled lizards
  6 kobolds
  7 rats
70 creatures vanquished.

Notes
Turn   | Place    | Note
-------+----------+-------------------------------------------
     0 | D:5      | qw the Gargoyle Delver began the quest for the Orb.
     0 | D:5      | Reached XP level 1. HP: 14/14 MP: 1/1
     0 | D:5      | 0 ||| qw: Version: 0.1-a-116-g5d60599
     0 | D:5      | 0 ||| qw: Game counter: 9046
     0 | D:5      | 0 ||| qw: Always use a shield: true
     0 | D:5      | 0 ||| qw: God list: Okawaru
     0 | D:5      | 0 ||| qw: Allow faded altars: false
     0 | D:5      | 0 ||| qw: Do Orc after D:15 true
     0 | D:5      | 0 ||| qw: Do second Lair branch before Depths: true
     0 | D:5      | 0 ||| qw: Lair rune preference: random
     0 | D:5      | 0 ||| qw: Plans: Normal
     0 | D:5      | 0 ||| PLANNING TEMPLE
     0 | D:5      | 0 ||| DROPPING scroll of fog.
     1 | D:5      | 1 ||| DROPPING scroll of magic mapping.
     2 | D:5      | 2 ||| DROPPING scroll of fear.
    11 | Temple   | Entered the Ecumenical Temple
   193 | Temple   | 193 ||| PLANNING D:1-11
   244 | D:5      | Reached skill level 2 in Axes
   244 | D:5      | Reached XP level 2. HP: 11/19 MP: 2/2
   404 | D:5      | Noticed a scorpion
   424 | D:5      | Killed a scorpion
   425 | D:5      | Reached skill level 3 in Axes
   425 | D:5      | Reached XP level 3. HP: 8/23 MP: 3/3
   425 | D:5      | Reached XP level 4. HP: 10/28 MP: 4/4
   643 | D:5      | Noticed a scorpion
   663 | D:5      | Killed a scorpion
   664 | D:5      | Reached skill level 4 in Axes
   664 | D:5      | Reached XP level 5. HP: 14/32 MP: 5/5
   902 | D:5      | Noticed a phantom
   903 | D:5      | 903 ||| Stepping ~*~*~tactically~*~*~ (stealth).
   905 | D:5      | 905 ||| Stepping ~*~*~tactically~*~*~ (stealth).
   931 | D:5      | Killed a phantom
   932 | D:5      | Reached skill level 5 in Axes
  1041 | D:5      | Reached XP level 6. HP: 28/38 MP: 6/6
  1124 | D:5      | 1124 ||| UPGRADING to +0 plate armour.
  1134 | D:5      | 1134 ||| DROPPING +0 leather armour.
  1135 | D:5      | 1135 ||| READING scroll labelled ESMEIR BAMI.
  1139 | D:5      | 1139 ||| READING scroll labelled CASTUO MEYMNUFF.
  1246 | D:3      | 1246 ||| Stepping ~*~*~tactically~*~*~ (stealth).
  1315 | D:3      | 1315 ||| Stepping ~*~*~tactically~*~*~ (stealth).
  1321 | D:3      | Reached skill level 1 in Armour
  1599 | D:2      | 1599 ||| DRINKING 2 golden potions.
  1600 | D:2      | 1600 ||| DROPPING potion of brilliance.
  2166 | D:1      | 2166 ||| Stepping ~*~*~tactically~*~*~ (stealth).
  2360 | D:1      | Found a faded altar of an unknown god.
  2599 | D:1      | 2599 ||| DRINKING 2 bubbling grey potions.
  2599 | D:1      | Gained mutation: Your mind is acute. (Int +4, Str/Dex -1)
                  | [potion of mutation]
  2600 | D:1      | 2600 ||| READING 2 scrolls of identify.
  2600 | D:1      | 2600 ||| IDENTIFYING purple potion
  2612 | D:2      | You fall into a shaft and drop 1 floor!
  2614 | D:3      | Found a sacrificial altar of Ru.
  2728 | D:2      | Reached skill level 3 in Armour
  3196 | D:2      | 3196 ||| READING 2 scrolls labelled RUNEUR JEMNUPS.
  3197 | D:2      | 3197 ||| DROPPING scroll of butterflies.
  3288 | D:3      | Noticed Grinder
  3295 | D:3      | 3295 ||| Stepping ~*~*~tactically~*~*~ (hiding).
  3296 | D:3      | 3296 ||| Stepping ~*~*~tactically~*~*~ (hiding).
  3298 | D:3      | 3298 ||| Stepping ~*~*~tactically~*~*~ (hiding).
  3299 | D:3      | 3299 ||| Stepping ~*~*~tactically~*~*~ (hiding).
  3315 | D:3      | 3315 ||| Stepping ~*~*~tactically~*~*~ (hiding).
  3325 | D:3      | HP: 5/39 [Grinder/nerve-wracking pain (6)]
  3326 | D:3      | 3326 ||| READING scroll of teleportation.
  3327 | D:3      | 3327 ||| DRINKING potion of heal wounds.
  3329 | D:3      | Killed Grinder
  3330 | D:3      | Reached skill level 6 in Axes
  3330 | D:3      | Reached XP level 7. HP: 44/44 MP: 7/7
  3350 | D:3      | 3350 ||| Stepping ~*~*~tactically~*~*~ (stealth).
  3619 | D:3      | 3619 ||| Stepping ~*~*~tactically~*~*~ (stealth).
  4311 | D:4      | 4311 ||| Stepping ~*~*~tactically~*~*~ (stealth).
  4446 | D:4      | Found Wiraga's Armour Shop.
  4481 | D:4      | 4481 ||| Stepping ~*~*~tactically~*~*~ (hiding).
  4519 | D:4      | 4519 ||| Stepping ~*~*~tactically~*~*~ (stealth).
  4531 | D:4      | HP: 2/44 [orc priest/divine providence (11)]
  4532 | D:4      | 4532 ||| DRINKING potion of heal wounds.
  4545 | D:4      | Killed from afar by an orc priest

Levels and vault maps discovered:
D:1:      scummos_arrival_simple_crosswalls, layout_basic,
          chequers_ecumenical_altar_lobes, serial_curves, eino_curves_04,
          eino_curves_03, hangedman_feature_mirror
D:2:      layout_rooms, mrwooster_statue_mirror
D:3:      layout_basic, nicolae_ru_awakened_eye, uniq_grinder
D:4:      kennysheep_six_static_rooms, layout_basic, mainiacjoe_overflow_paths,
          mainiacjoe_overflow_24_doors, serial_shops, nicolae_shop_hallway_plus,
          nicolae_lakefront_shop, nicolae_shop_competitors_out_of_business,
          nicolae_shop_behind_doors, uniq_menkaure, uniq_crazy_yiuf_cottage
D:5:      layout_basic, minmay_temple_entry_statues_fountains, serial_shops,
          shop
Temple:   nicolae_temple_bog_church

Skill      XL: |  1  2  3  4  5  6 |
---------------+-------------------+-----
Axes           | 2 3 4 5 6 |  6.9
Armour         | 3 |  3.0
Fighting       | 4 |  4.4
Dodging        | |  1.5
Stealth        | |  5.4

Action                   |  1- 3 |  4- 6 |  7- 9 || total
-------------------------+-------+-------+-------++-------
Melee: Hand axe          |    22 |   245 |    99 ||   366
       Punch             |       |     4 |     4 ||     8
  Use: Scroll            |       |     5 |       ||     5
       Potion            |       |     3 |     1 ||     4
Armor: Leather armour    |     7 |    21 |       ||    28
       Plate armour      |       |   128 |    73 ||   201
Dodge: Dodged            |    14 |    66 |    12 ||    92

Table legend:
 A = Non-vault XP
 B = Vault XP
 C = Vault XP percentage of total XP
 D = Non-vault monster count
 E = Vault monster count
 F = Vault count percentage of total count
                 A         B        C        D         E       F
            +---------+---------+-------+---------+---------+-------
      Total |     804 |     269 |  25.1 |      67 |       3 |   4.3
            +---------+---------+-------+---------+---------+-------
        D:1 |      36 |       2 |   5.3 |      21 |       2 |   8.7
        D:2 |     194 |       0 |   0.0 |      13 |       0 |   0.0
        D:3 |     108 |     267 |  71.2 |      21 |       1 |   4.5
        D:4 |     131 |       0 |   0.0 |       7 |       0 |   0.0
        D:5 |     335 |       0 |   0.0 |       5 |       0 |   0.0
            +---------+---------+-------+---------+---------+-------
